Cogmind - Beta 16 @@@ ROGUE MODE // 2026.01.15 @ 21:02:09 Player: obl-vn Result: Destroyed by S-43 Plague with Heavy Machine Gun Performance ------------- Evolutions (8) 4000 Regions Visited (19) 3800 Robots Destroyed (1) 5 Value Destroyed (7) 7 Prototype IDs (1) 20 Alien Tech Used (0) 0 Bonus (2052) 2052 TOTAL SCORE: 9884 Bonus ------- Follower Combat Kills 52 Entered DSFs 2000 Cogmind --------- Core Integrity 0/1450 Matter 285/300 Energy 80/100 System Corruption 9% Temperature Cool (0) Movement Treading (145) Location -2/Research Parts ------- > --- POWER (1) -------- (None) > --- PROPULSION (18) -- Biometal Medium Treads > --- UTILITY (2) ------ (None) > --- WEAPON (2) ------- (None) > --- INVENTORY (5) ---- Q-thruster Enhanced Optical Array Improved Signal Interpreter Advanced Reaction Control System Matter Neutralizer Peak State ------------ > --- POWER ------------ Antimatter Reactor > --- PROPULSION ------- Nuclear Pulse Array Nuclear Pulse Array Nuclear Pulse Array Nuclear Pulse Array Nuclear Pulse Array Nuclear Pulse Array Cooled Field Propulsion Drive > --- UTILITY ---------- Advanced Coolant Injector Advanced Reaction Control System > --- WEAPON ----------- Segregator > --- INVENTORY -------- Enhanced Optical Array Improved Signal Interpreter System Shield [Rating: 107] Favorites ----------- Power Antimatter Reactor Reactor Antimatter Reactor Propulsion Nuclear Pulse Array Treads Improved Treads Leg Flexi-carbon Leg Flight Unit Nuclear Pulse Array Utility Improved Light Armor Plating Device Advanced Coolant Injector Processor Advanced Visual Processing Unit Hackware System Shield Protection Improved Light Armor Plating Weapon Matter Neutralizer Energy Gun Medium Laser Energy Cannon Matter Neutralizer Slashing Weapon Segregator Build | -11 -10 -9 -8 -7 -7 -6 -6 -6 -6 -5 -5 -5 -5 -4 -4 -4 -3 -3 -2 ------- Run | Yrd Mat Mat Mat Fac DSF Fac Was Fac DSF Fac Was Fac DSF Fac Arm Lab Res DSF Res Slots Evolved 16 | . . 2 2 2 . 2 . . . 2 . . . 2 . . 2 . 2 Power . | . . . . . . . . . . . . . . . . . . . . Propulsion 16 | . . 2 2 2 . 2 . . . 2 . . . 2 . . 2 . 2 Utility . | . . . . . . . . . . . . . . . . . . . . Weapon . | . . . . . . . . . . . . . . . . . . . . Parts Attached 61 | 4 . 5 2 . 5 9 3 . 1 6 1 . 7 4 2 . 1 4 7 Power 2 | . . . . . . . . . . . . . . 1 . . . . 1 Engine . | . . . . . . . . . . . . . . . . . . . . Core . | . . . . . . . . . . . . . . . . . . . . Reactor 2 | . . . . . . . . . . . . . . 1 . . . . 1 Propulsion 44 | 2 . 4 . . 4 9 2 . . 5 . . 7 1 . . . 4 6 Treads 8 | 2 . 4 . . . . . . . . . . 1 . . . . . 1 Leg 18 | . . . . . 4 9 2 . . 3 . . . . . . . . . Wheel . | . . . . . . . . . . . . . . . . . . . . Hover . | . . . . . . . . . . . . . . . . . . . . Flight 18 | . . . . . . . . . . 2 . . 6 1 . . . 4 5 Utility 12 | 1 . 1 2 . 1 . 1 . 1 1 1 . . 2 . . 1 . . Device 4 | 1 . . . . . . . . . . 1 . . 2 . . . . . Storage . | . . . . . . . . . . . . . . . . . . . . Processor 2 | . . . 1 . . . . . 1 . . . . . . . . . . Hackware 2 | . . . . . . . . . . 1 . . . . . . 1 . . Protection 4 | . . 1 1 . 1 . 1 . . . . . . . . . . . . Artifact . | . . . . . . . . . . . . . . . . . . . . Weapon 3 | 1 . . . . . . . . . . . . . . 2 . . . . Energy Gun 1 | 1 . . . . . . . . . . . . . . . . . . . Energy Cannon 1 | . . . . . . . . . . . . . . . 1 . . . . Ballistic Gun . | . . . . . . . . . . . . . . . . . . . . Ballistic Cannon . | . . . . . . . . . . . . . . . . . . . . Launcher . | . . . . . . . . . . . . . . . . . . . . Special Weapon . | . . . . . . . . . . . . . . . . . . . . Impact Weapon . | . . . . . . . . . . . . . . . . . . . . Slashing Weapon 1 | . . . . . . . . . . . . . . . 1 . . . . Piercing Weapon . | . . . . . . . . . . . . . . . . . . . . Special Melee Weapon . | . . . . . . . . . . . . . . . . . . . . Unidentified Prototypes 1 | . . . . . . . . . . . . . . 1 . . . . . Parts Lost 48 | . . 1 5 . 1 . 3 . . 16 1 . 1 . 3 . . 7 10 Power 2 | . . . . . . . . . . . . . . . 1 . . . 1 Propulsion 39 | . . 1 4 . . . 2 . . 14 1 . 1 . 2 . . 7 7 Utility 7 | . . . 1 . 1 . 1 . . 2 . . . . . . . . 2 Weapon . | . . . . . . . . . . . . . . . . . . . . Highest Loss Streak 10 | . . 1 5 . 1 . 3 . . 10 1 . 2 . 2 . . 7 10 To Critical Strikes 1 | . . . 1 . . . . . . . . . . . . . . . . Average Backups 2 | . . 1 3 2 2 3 3 2 3 3 3 4 3 3 3 4 5 5 4 Power . | . . . . . . . . . . . . . . . . . . . . Propulsion . | . . . . . . . 1 . . . . 1 . . . . . . . Utility 2 | . . . 2 2 2 3 2 2 3 3 3 3 3 3 3 3 3 3 3 Weapon . | . . . . . . . . . . . . . . . . 1 2 1 1 Tool/Special . | . . . . . . . . . . . . . . . . . . . . Unused Backups 2 | . . . . . . . . . . . . . . . . . . . 2 Power . | . . . . . . . . . . . . . . . . . . . . Propulsion . | . . . . . . . . . . . . . . . . . . . . Utility 2 | . . . . . . . . . . . . . . . . . . . 2 Weapon . | . . . . . . . . . . . . . . . . . . . . Tool/Special . | . . . . . . . . . . . . . . . . . . . . Average Slot Usage (%) 40 | . 42 45 38 15 26 54 78 80 80 35 4 . 15 43 49 42 33 28 20 Reactor 1 | . . . . . . . . . . . . . . 3 4 . . . 2 Treads 8 | . 28 34 24 . . . . . . . . . . . . . . . . Leg 11 | . . . . . 11 40 64 66 66 26 4 . . . . . . . . Flight 9 | . . . . . . . . . . 1 . . 14 33 33 26 23 18 11 Device 4 | . 14 9 . . . . . . . . . . . 4 10 10 7 4 3 Processor 2 | . . . 5 7 7 6 6 6 6 3 . . . . . . . . . Protection 2 | . . 1 8 7 6 6 6 6 6 2 . . . . . . . . . Peak Build Rating 107 | 3 3 12 13 6 18 52 52 51 54 54 14 2 73 102 107 78 72 68 59 Average Rating 35 | . 3 7 9 6 11 31 50 51 53 28 4 2 32 90 97 78 70 48 35 On Entrance 34 | . 3 3 10 6 6 18 52 51 51 54 5 2 2 73 102 78 78 68 28 Avg Prop Armor Cover (%) 29 | . . 42 27 . 30 34 39 39 39 38 30 . 42 13 7 . 40 31 8 Naked Turns 79 | . . . . . . . . . . 15 12 2 18 . . . . . 32 Heaviest Build 21 | 2 1 3 3 3 3 3 3 3 3 3 . . . 20 20 14 4 1 21 Greatest Support 189 | 40 40 40 69 3 60 20 20 3 189 189 3 3 78 88 88 62 62 3 37 Greatest Overweight (x) 6 | . . . . . . . . . . . . . . 6 6 . . . . Average Overweight (x) . | . . . . . . . . . . . . . . . . . . . . Largest Inventory Capacity 5 | 5 5 5 5 5 5 5 5 5 5 5 5 5 5 5 5 5 5 5 5 Average Capacity 5 | 5 5 5 5 5 5 5 5 5 5 5 5 5 5 5 5 5 5 5 5 Most Carried 5 | 3 . 5 4 2 5 5 5 2 4 4 5 5 5 4 5 4 5 5 5 Average Carried 2 | . . 1 3 2 2 3 3 2 3 3 3 5 3 3 3 4 5 4 4 Final Capacity 5 | 5 5 5 5 5 5 5 5 5 5 5 5 5 5 5 5 5 5 5 5 Final Carried 5 | . . 4 2 2 3 5 2 2 4 3 5 5 3 3 4 4 5 5 5 Class Distribution -------------------- 81% | Mutant 17% | Sprinter Dominant Class ---------------- Mutant | -10/Materials Mutant | -9/Materials Mutant | -8/Materials Mutant | -7/Factory Mutant | -7/DSF Mutant | -6/Factory Mutant | -6/Waste Mutant | -6/Factory Mutant | -6/DSF Mutant | -5/Factory Mutant | -5/Waste Mutant | -5/Factory Mutant | -5/DSF Sprinter | -4/Factory Sprinter | -4/Armory Sprinter | -4/Lab Sprinter | -3/Research Mutant | -3/DSF Sprinter | -2/Research Resources | -11 -10 -9 -8 -7 -7 -6 -6 -6 -6 -5 -5 -5 -5 -4 -4 -4 -3 -3 -2 ----------- Run | Yrd Mat Mat Mat Fac DSF Fac Was Fac DSF Fac Was Fac DSF Fac Arm Lab Res DSF Res Matter Collected 614 | 230 . . 2 . . . . . . . . . . 185 132 . . . 65 Remotely . | . . . . . . . . . . . . . . . . . . . . Salvage Created 12 | 12 . . . . . . . . . . . . . . . . . . . Parts 2 | 2 . . . . . . . . . . . . . . . . . . . Haulers Intercepted . | . . . . . . . . . . . . . . . . . . . . Recyclers Shooed . | . . . . . . . . . . . . . . . . . . . . Parts Field Recycled . | . . . . . . . . . . . . . . . . . . . . Retrieved Matter . | . . . . . . . . . . . . . . . . . . . . Parts Self-Destructed . | . . . . . . . . . . . . . . . . . . . . Prevented . | . . . . . . . . . . . . . . . . . . . . Parts Restored . | . . . . . . . . . . . . . . . . . . . . Kills | -11 -10 -9 -8 -7 -7 -6 -6 -6 -6 -5 -5 -5 -5 -4 -4 -4 -3 -3 -2 ------- Run | Yrd Mat Mat Mat Fac DSF Fac Was Fac DSF Fac Was Fac DSF Fac Arm Lab Res DSF Res Combat Hostiles Destroyed . | . . . . . . . . . . . . . . . . . . . . Classes Destroyed 1 | 1 . . . . . . . . . . . . . . . . . . . Tunneler 1 | 1 . . . . . . . . . . . . . . . . . . . Best Kill Streak 1 | 1 . . . . . . . . . . . . . . . . . . . Combat Bots Only . | . . . . . . . . . . . . . . . . . . . . Max Kills in Single Turn 1 | 1 . . . . . . . . . . . . . . . . . . . Gunslinging . | . . . . . . . . . . . . . . . . . . . . Exploded . | . . . . . . . . . . . . . . . . . . . . Melee . | . . . . . . . . . . . . . . . . . . . . Uniques/NPCs Destroyed . | . . . . . . . . . . . . . . . . . . . . Combat | -11 -10 -9 -8 -7 -7 -6 -6 -6 -6 -5 -5 -5 -5 -4 -4 -4 -3 -3 -2 -------- Run | Yrd Mat Mat Mat Fac DSF Fac Was Fac DSF Fac Was Fac DSF Fac Arm Lab Res DSF Res Hostile Shots Fired 811 | . 33 105 86 . 5 . 3 . 7 270 1 . 4 14 126 . . 9 148 Missed 363 | . 14 34 34 . 1 . . . 2 121 . . 2 10 82 . . 2 61 Hits 448 | . 19 71 52 . 4 . 3 . 5 149 1 . 2 4 44 . . 7 87 Melee 6 | . . . . . 1 . 3 . . . 1 . . . 1 . . . . Projectile 442 | . 19 71 52 . 3 . . . 5 149 . . 2 4 43 . . 7 87 AOE 2 | . . . . . 1 . . . . . . . . . . . . . 1 Critical Strikes 17 | . . 2 1 . . . 2 . . 4 . . . . 1 . . 1 6 Damage Taken 7800 | . 210 824 583 . 149 . 137 . 97 2379 55 . 143 90 757 . . 382 1994 Core 3083 | . 44 223 196 . . . . . . 748 55 . 68 21 161 . . 107 1460 Absorbed by Shields . | . . . . . . . . . . . . . . . . . . . . Core Remaining (%) 75 | 100 82 44 64 . 100 . . . 100 . . . 12 . . 84 . 91 . Volleys Fired 4 | 1 . . . . . . . . . . . . . . 2 1 . . . Largest 1 | 1 . . . . . . . . . . . . . . 1 1 . . . Hottest 105 | 50 . . . . . . . . . . . . . . 105 105 . . . Shots Fired 4 | 1 . . . . . . . . . . . . . . 2 1 . . . Gun 1 | 1 . . . . . . . . . . . . . . . . . . . Cannon 3 | . . . . . . . . . . . . . . . 2 1 . . . Launcher . | . . . . . . . . . . . . . . . . . . . . Special . | . . . . . . . . . . . . . . . . . . . . Kinetic . | . . . . . . . . . . . . . . . . . . . . Thermal 4 | 1 . . . . . . . . . . . . . . 2 1 . . . Explosive . | . . . . . . . . . . . . . . . . . . . . Electromagnetic . | . . . . . . . . . . . . . . . . . . . . Robot Hit Streak 1 | 1 . . . . . . . . . . . . . . . . . . . Robot Miss Streak . | . . . . . . . . . . . . . . . . . . . . Penetration Max . | . . . . . . . . . . . . . . . . . . . . Secondary Targets . | . . . . . . . . . . . . . . . . . . . . Shots Hit Robots 1 | 1 . . . . . . . . . . . . . . . . . . . Core Hits 5 | 1 . 1 1 . . . . . . 2 . . . . . . . . . Critical Kills . | . . . . . . . . . . . . . . . . . . . . Critical Parts Destroyed . | . . . . . . . . . . . . . . . . . . . . Critical Strikes 1 | 1 . . . . . . . . . . . . . . . . . . . Burn 1 | 1 . . . . . . . . . . . . . . . . . . . Melee Attacks 1 | . . . . . . . . . . . . . . . 1 . . . . Thermal 1 | . . . . . . . . . . . . . . . 1 . . . . Impact . | . . . . . . . . . . . . . . . . . . . . Slashing . | . . . . . . . . . . . . . . . . . . . . Piercing . | . . . . . . . . . . . . . . . . . . . . Sneak Attacks . | . . . . . . . . . . . . . . . . . . . . Combat Hostiles . | . . . . . . . . . . . . . . . . . . . . Follow-up Attacks . | . . . . . . . . . . . . . . . . . . . . Damage Inflicted 30 | 12 . 1 1 . . . . . . 16 . . . . . . . . . Guns 12 | 12 . . . . . . . . . . . . . . . . . . . Cannons . | . . . . . . . . . . . . . . . . . . . . Explosions . | . . . . . . . . . . . . . . . . . . . . Melee . | . . . . . . . . . . . . . . . . . . . . Ramming 18 | . . 1 1 . . . . . . 16 . . . . . . . . . Kinetic . | . . . . . . . . . . . . . . . . . . . . Thermal 12 | 12 . . . . . . . . . . . . . . . . . . . Explosive . | . . . . . . . . . . . . . . . . . . . . Electromagnetic . | . . . . . . . . . . . . . . . . . . . . Impact . | . . . . . . . . . . . . . . . . . . . . Slashing . | . . . . . . . . . . . . . . . . . . . . Piercing . | . . . . . . . . . . . . . . . . . . . . Highest Corruption 9 | . . . . . . . . . . . . . . . . . . . 9 Average Corruption 5 | . . . . . . . . . . . . . . . . . . . 5 Corruption Purged . | . . . . . . . . . . . . . . . . . . . . Corruption Blocked . | . . . . . . . . . . . . . . . . . . . . Effects 1 | . . . . . . . . . . . . . . . . . . . 1 Heat Flow Errors 1 | . . . . . . . . . . . . . . . . . . . 1 Overload Shots . | . . . . . . . . . . . . . . . . . . . . Overflow Damage . | . . . . . . . . . . . . . . . . . . . . Projectiles . | . . . . . . . . . . . . . . . . . . . . Explosions . | . . . . . . . . . . . . . . . . . . . . Melee . | . . . . . . . . . . . . . . . . . . . . Knockbacks . | . . . . . . . . . . . . . . . . . . . . Impact . | . . . . . . . . . . . . . . . . . . . . Kinetic . | . . . . . . . . . . . . . . . . . . . . Secondary . | . . . . . . . . . . . . . . . . . . . . Self-Inflicted Damage 1 | . . . . . . . . . . 1 . . . . . . . . . Shots . | . . . . . . . . . . . . . . . . . . . . Rammed 4 | . . 1 2 . . . . . . 1 . . . . . . . . . Targets Rammed 14 | . . 1 2 . . . . . . 11 . . . . . . . . . Kicked 10 | . . . . . . . . . . 10 . . . . . . . . . Crushed . | . . . . . . . . . . . . . . . . . . . . Highest Temperature 199 | . . 1 5 . . . . . . 1 . . . 110 199 55 . . 120 Average Temperature 116 | . . 1 5 . . . . . . 1 . . . 27 138 37 . . 73 Received Heat Transfer 918 | . 114 321 90 . . . . . . 282 . . . 18 39 . . . 54 Siege Activations . | . . . . . . . . . . . . . . . . . . . . Martial Activations . | . . . . . . . . . . . . . . . . . . . . Shielding Activations . | . . . . . . . . . . . . . . . . . . . . Robots Disrupted . | . . . . . . . . . . . . . . . . . . . . Combat Hostiles . | . . . . . . . . . . . . . . . . . . . . Robots Corrupted . | . . . . . . . . . . . . . . . . . . . . Combat Hostiles . | . . . . . . . . . . . . . . . . . . . . Parts Fried . | . . . . . . . . . . . . . . . . . . . . Impact Corruptions . | . . . . . . . . . . . . . . . . . . . . Robots Melted . | . . . . . . . . . . . . . . . . . . . . Combat Hostiles . | . . . . . . . . . . . . . . . . . . . . Parts Melted 1 | 1 . . . . . . . . . . . . . . . . . . . Heat Transferred 111 | 111 . . . . . . . . . . . . . . . . . . . Parts Sabotaged . | . . . . . . . . . . . . . . . . . . . . Parts Stolen . | . . . . . . . . . . . . . . . . . . . . Parts Stripped . | . . . . . . . . . . . . . . . . . . . . Power Chain Reactions . | . . . . . . . . . . . . . . . . . . . . Alert | -11 -10 -9 -8 -7 -7 -6 -6 -6 -6 -5 -5 -5 -5 -4 -4 -4 -3 -3 -2 ------- Run | Yrd Mat Mat Mat Fac DSF Fac Was Fac DSF Fac Was Fac DSF Fac Arm Lab Res DSF Res Maximum Alert Level 1 | . . 1 . . . . . . . . . . . . . . . . . Low Security (%) 99 | 100 100 92 100 100 100 100 100 100 100 100 100 100 100 100 100 . 100 100 100 Level 1 . | . . 7 . . . . . . . . . . . . . . . . . Level 2 . | . . . . . . . . . . . . . . . . . . . . Level 3 . | . . . . . . . . . . . . . . . . . . . . Level 4 . | . . . . . . . . . . . . . . . . . . . . Level 5 . | . . . . . . . . . . . . . . . . . . . . High Security . | . . . . . . . . . . . . . . . . . . . . Max Security . | . . . . . . . . . . . . . . . . . . . . Peak Influence 200 | 5 . 200 76 4 15 7 . . 18 185 64 23 16 15 80 . 5 3 100 Initial 76 | . . . 76 4 . 7 . . 3 9 64 23 16 2 . . . 3 . Average 24 | 1 . 58 53 3 4 1 . . 5 47 54 23 7 1 18 . . . 34 Influence Increases 1050 | 5 . 249 45 . 15 . . 5 15 330 . . . 15 196 . 5 . 170 Destroy 0b10 Robot/C 20 | . . . . . . . . . . . . . . . 20 . . . . Destroy 0b10 Robot/NC 5 | 5 . . . . . . . . . . . . . . . . . . . Allied During Kill 7 | . . . . . . . . . . . . . . . 7 . . . . Successful Hack 24 | . . 9 . . . . . 5 . . . . . . . . 5 . 5 Destroy Structure 4 | . . . . . . . . . . . . . . . 4 . . . . Partial Spotted 45 | . . . . . . . . . . 15 . . . 15 15 . . . . Lose Combat Pursuer 945 | . . 240 45 . 15 . . . 15 315 . . . . 150 . . . 165 Influence Decreases 1030 | 5 . 69 214 11 . 15 . . 2 163 151 11 17 21 117 79 . 5 150 Entered New Map 354 | . . . 104 7 . 8 . . 2 9 121 11 7 4 . 79 . 2 . Time Decay 353 | 5 . 59 60 4 . 7 . . . 94 20 . . 17 37 . . . 50 Lost Part 263 | . . 10 50 . . . . . . 60 10 . 10 . 20 . . 3 100 Lost Ally 60 | . . . . . . . . . . . . . . . 60 . . . . Squads Dispatched 12 | . 1 1 2 . 1 . . . . 3 . . . 1 2 . . . 1 Investigation 3 | . . . 1 . . . . . . 2 . . . . . . . . . Extermination 1 | . . . . . . . . . . 1 . . . . . . . . . Reinforcement 8 | . 1 1 1 . 1 . . . . . . . . 1 2 . . . 1 Assault . | . . . . . . . . . . . . . . . . . . . . Garrison . | . . . . . . . . . . . . . . . . . . . . Intercept . | . . . . . . . . . . . . . . . . . . . . Searches Triggered . | . . . . . . . . . . . . . . . . . . . . Construction Impeded . | . . . . . . . . . . . . . . . . . . . . Haulers Reinforced . | . . . . . . . . . . . . . . . . . . . . Active Scanning Responses . | . . . . . . . . . . . . . . . . . . . . Cargo Convoy Interrupts . | . . . . . . . . . . . . . . . . . . . . Stealth | -11 -10 -9 -8 -7 -7 -6 -6 -6 -6 -5 -5 -5 -5 -4 -4 -4 -3 -3 -2 --------- Run | Yrd Mat Mat Mat Fac DSF Fac Was Fac DSF Fac Was Fac DSF Fac Arm Lab Res DSF Res Distress Signals 5 | . . 1 1 . . . . . . . . . . 1 1 . . . 1 Communications Jammed . | . . . . . . . . . . . . . . . . . . . . Distress Signals . | . . . . . . . . . . . . . . . . . . . . Times Spotted 185 | . 3 22 20 . 4 . 6 . 2 36 6 . 1 16 30 . . 1 38 Peak Tracking Total 24 | . 2 11 19 . 4 . 6 . 2 12 6 . 1 17 19 . . 1 24 Tactical Retreats 18 | . . 3 2 . 1 . . . 1 5 . . . . 3 . . . 3 Traps | -11 -10 -9 -8 -7 -7 -6 -6 -6 -6 -5 -5 -5 -5 -4 -4 -4 -3 -3 -2 ------- Run | Yrd Mat Mat Mat Fac DSF Fac Was Fac DSF Fac Was Fac DSF Fac Arm Lab Res DSF Res Traps Triggered 9 | . . . . . 2 1 . . 1 1 . . . 1 1 . . 1 1 Indirectly . | . . . . . . . . . . . . . . . . . . . . Trap Hack Attempts . | . . . . . . . . . . . . . . . . . . . . Triggered . | . . . . . . . . . . . . . . . . . . . . Disarmed . | . . . . . . . . . . . . . . . . . . . . Reprogrammed . | . . . . . . . . . . . . . . . . . . . . Reused . | . . . . . . . . . . . . . . . . . . . . Traps Extracted . | . . . . . . . . . . . . . . . . . . . . Installed . | . . . . . . . . . . . . . . . . . . . . Triggered . | . . . . . . . . . . . . . . . . . . . . Machines | -11 -10 -9 -8 -7 -7 -6 -6 -6 -6 -5 -5 -5 -5 -4 -4 -4 -3 -3 -2 ---------- Run | Yrd Mat Mat Mat Fac DSF Fac Was Fac DSF Fac Was Fac DSF Fac Arm Lab Res DSF Res Machines Disabled . | . . . . . . . . . . . . . . . . . . . . Max in Single Turn . | . . . . . . . . . . . . . . . . . . . . Garrison Access 6 | . . . 1 1 . . . . . 1 . . . 2 . . 1 . . Machines Repaired . | . . . . . . . . . . . . . . . . . . . . Machines Dismantled . | . . . . . . . . . . . . . . . . . . . . Machines Sabotaged . | . . . . . . . . . . . . . . . . . . . . Overloaded Fab Kills . | . . . . . . . . . . . . . . . . . . . . Hacking | -11 -10 -9 -8 -7 -7 -6 -6 -6 -6 -5 -5 -5 -5 -4 -4 -4 -3 -3 -2 --------- Run | Yrd Mat Mat Mat Fac DSF Fac Was Fac DSF Fac Was Fac DSF Fac Arm Lab Res DSF Res Machines Accessed 15 | . . 1 2 2 . . . 1 . 3 . 1 . 2 . . 2 . 1 Terminals 8 | . . 1 1 1 . . . 1 . 1 . 1 . . . . 1 . 1 Fabricators . | . . . . . . . . . . . . . . . . . . . . Repair Stations . | . . . . . . . . . . . . . . . . . . . . Recycling Units . | . . . . . . . . . . . . . . . . . . . . Scanalyzers . | . . . . . . . . . . . . . . . . . . . . Garrison Access 7 | . . . 1 1 . . . . . 2 . . . 2 . . 1 . . Total Hacks 34 | . . 3 4 4 . . . 2 . 7 . 2 . 3 . . 6 . 3 Successful 14 | . . 2 1 2 . . . 1 . 2 . 1 . 2 . . 2 . 1 Failed 20 | . . 1 3 2 . . . 1 . 5 . 1 . 1 . . 4 . 2 Catastrophic 5 | . . . 2 1 . . . . . 2 . . . . . . . . . Database Lockouts . | . . . . . . . . . . . . . . . . . . . . Manual 6 | . . 1 2 . . . . . . 3 . . . . . . . . . Terminals 22 | . . 3 2 1 . . . 2 . 4 . 2 . . . . 5 . 3 Fabricators . | . . . . . . . . . . . . . . . . . . . . Repair Stations . | . . . . . . . . . . . . . . . . . . . . Recycling Units . | . . . . . . . . . . . . . . . . . . . . Scanalyzers . | . . . . . . . . . . . . . . . . . . . . Garrison Access 12 | . . . 2 3 . . . . . 3 . . . 3 . . 1 . . Terminal Hacks 8 | . . 2 . 1 . . . 1 . 1 . 1 . . . . 1 . 1 Open DSF 5 | . . . . 1 . . . 1 . . . 1 . . . . 1 . 1 Level Access Points 1 | . . 1 . . . . . . . . . . . . . . . . . Zone Layout 2 | . . 1 . . . . . . . 1 . . . . . . . . . Fabricator Hacks . | . . . . . . . . . . . . . . . . . . . . Repair Station Hacks . | . . . . . . . . . . . . . . . . . . . . Recycling Unit Hacks . | . . . . . . . . . . . . . . . . . . . . Scanalyzer . | . . . . . . . . . . . . . . . . . . . . Garrison Access Hacks 6 | . . . 1 1 . . . . . 1 . . . 2 . . 1 . . Seal Access 6 | . . . 1 1 . . . . . 1 . . . 2 . . 1 . . Unauthorized Hacks . | . . . . . . . . . . . . . . . . . . . . Terminals . | . . . . . . . . . . . . . . . . . . . . Fabricators . | . . . . . . . . . . . . . . . . . . . . Repair Stations . | . . . . . . . . . . . . . . . . . . . . Recycling Units . | . . . . . . . . . . . . . . . . . . . . Scanalyzers . | . . . . . . . . . . . . . . . . . . . . Garrison Access . | . . . . . . . . . . . . . . . . . . . . Data Cores Recovered . | . . . . . . . . . . . . . . . . . . . . Used . | . . . . . . . . . . . . . . . . . . . . Hacking Detections 7 | . . . 1 1 . . . . . 2 . 1 . . . . 1 . 1 Full Trace Events 3 | . . . 1 . . . . . . 2 . . . . . . . . . Feedback Events . | . . . . . . . . . . . . . . . . . . . . Feedback Blocked . | . . . . . . . . . . . . . . . . . . . . Robot Schematics Acquired . | . . . . . . . . . . . . . . . . . . . . Robots Built . | . . . . . . . . . . . . . . . . . . . . Authchips . | . . . . . . . . . . . . . . . . . . . . Time . | . . . . . . . . . . . . . . . . . . . . Total Robot Build Rating . | . . . . . . . . . . . . . . . . . . . . Part Schematics Acquired . | . . . . . . . . . . . . . . . . . . . . Parts Built . | . . . . . . . . . . . . . . . . . . . . Authchips . | . . . . . . . . . . . . . . . . . . . . Time . | . . . . . . . . . . . . . . . . . . . . Total Part Build Rating . | . . . . . . . . . . . . . . . . . . . . Part Studies Acquired . | . . . . . . . . . . . . . . . . . . . . Parts Repaired . | . . . . . . . . . . . . . . . . . . . . Time . | . . . . . . . . . . . . . . . . . . . . Parts Recycled . | . . . . . . . . . . . . . . . . . . . . Recycled Matter . | . . . . . . . . . . . . . . . . . . . . Retrieved Matter . | . . . . . . . . . . . . . . . . . . . . Retrieved Components . | . . . . . . . . . . . . . . . . . . . . Parts Scanalyzed . | . . . . . . . . . . . . . . . . . . . . Part Schematics Acquired . | . . . . . . . . . . . . . . . . . . . . Parts Damaged . | . . . . . . . . . . . . . . . . . . . . Bothacking | -11 -10 -9 -8 -7 -7 -6 -6 -6 -6 -5 -5 -5 -5 -4 -4 -4 -3 -3 -2 ------------ Run | Yrd Mat Mat Mat Fac DSF Fac Was Fac DSF Fac Was Fac DSF Fac Arm Lab Res DSF Res Used RIF Installer . | . . . . . . . . . . . . . . . . . . . . Robots Hacked . | . . . . . . . . . . . . . . . . . . . . Non-combat . | . . . . . . . . . . . . . . . . . . . . Combat . | . . . . . . . . . . . . . . . . . . . . Robot Hacks Applied . | . . . . . . . . . . . . . . . . . . . . Relay Couplers Released . | . . . . . . . . . . . . . . . . . . . . Fabnet Peak Effective % . | . . . . . . . . . . . . . . . . . . . . Robots Rewired 7 | . . . . . . . . . . . . . . . 7 . . . . Allies Hacked . | . . . . . . . . . . . . . . . . . . . . Hacks Repelled . | . . . . . . . . . . . . . . . . . . . . Allies | -11 -10 -9 -8 -7 -7 -6 -6 -6 -6 -5 -5 -5 -5 -4 -4 -4 -3 -3 -2 -------- Run | Yrd Mat Mat Mat Fac DSF Fac Was Fac DSF Fac Was Fac DSF Fac Arm Lab Res DSF Res Total Allies 7 | . . . . . . . . . . . . . . . 7 . . . . Largest Group 4 | . . . . . . . . . . . . . . . 4 . . . . Highest-Rated Group 192 | . . . . . . . . . . . . . . . 192 . . . . Highest-Rated Ally 48 | . . . . . . . . . . . . . . . 48 . . . . Total Orders . | . . . . . . . . . . . . . . . . . . . . Ally Attacks 32 | . . . . . . . . . . . . . . . 32 . . . . Total Damage 436 | . . . . . . . . . . . . . . . 436 . . . . Kills 1 | . . . . . . . . . . . . . . . 1 . . . . Allies Corrupted 4 | . . . . . . . . . . . . . . . 4 . . . . Allies Melted . | . . . . . . . . . . . . . . . . . . . . Intel | -11 -10 -9 -8 -7 -7 -6 -6 -6 -6 -5 -5 -5 -5 -4 -4 -4 -3 -3 -2 ------- Run | Yrd Mat Mat Mat Fac DSF Fac Was Fac DSF Fac Was Fac DSF Fac Arm Lab Res DSF Res Active Infowar (turns) 1003 | 1 207 157 94 22 57 95 61 31 34 242 2 . . . . . . . . Optics 636 | . . . 94 22 57 95 61 31 34 242 . . . . . . . . . Seismic 365 | 1 207 157 . . . . . . . . . . . . . . . . . Cloaking 2 | . . . . . . . . . . . 2 . . . . . . . . Robot Analysis Total . | . . . . . . . . . . . . . . . . . . . . Derelict Logs Recovered . | . . . . . . . . . . . . . . . . . . . . Drone Launches . | . . . . . . . . . . . . . . . . . . . . Drone Recoveries . | . . . . . . . . . . . . . . . . . . . . Exploration | -11 -10 -9 -8 -7 -7 -6 -6 -6 -6 -5 -5 -5 -5 -4 -4 -4 -3 -3 -2 ------------- Run | Yrd Mat Mat Mat Fac DSF Fac Was Fac DSF Fac Was Fac DSF Fac Arm Lab Res DSF Res Turns Passed 1885 | 66 207 181 130 22 57 95 61 31 34 318 44 2 54 165 192 6 30 39 151 Spaces Moved 3342 | 75 130 262 169 44 59 156 99 61 58 588 77 3 89 474 472 15 55 62 394 Core 1707 | 58 . 233 135 44 57 155 98 61 57 418 77 3 83 67 . . 25 62 74 Treads 210 | 17 130 29 34 . . . . . . . . . . . . . . . . Legs 8 | . . . . . 2 1 1 . 1 3 . . . . . . . . . Wheels . | . . . . . . . . . . . . . . . . . . . . Hover . | . . . . . . . . . . . . . . . . . . . . Flight 1417 | . . . . . . . . . . 167 . . 6 407 472 15 30 . 320 Fastest Speed 19 | 50 160 50 50 50 50 50 50 50 50 40 50 50 25 19 19 25 25 50 28 Average Speed 48 | 74 160 62 72 50 52 50 50 50 51 48 50 50 48 31 23 25 37 50 35 Slowest Speed 350 | 160 160 160 160 50 120 120 120 50 120 120 50 50 50 350 28 25 50 50 50 Overloaded Moves 394 | . . . . . . . . . . . . . . 22 355 15 2 . . Propulsion Burnouts . | . . . . . . . . . . . . . . . . . . . . Robots Hopped 15 | . . . . . . . . . . 3 . . . 1 4 . . . 7 Potential Cave-ins . | . . . . . . . . . . . . . . . . . . . . Cave-ins Triggered . | . . . . . . . . . . . . . . . . . . . . Exploration Rate (%) 35 | 4 24 31 30 2 74 7 81 3 62 24 64 . 80 18 47 6 3 78 28 Regions Visited 19 Branch Regions 2 Pre-discovered Areas . | . . . . . . . . . . . . . . . . . . . . Known Exits Taken 5 | . . 1 . 1 . . . 1 . . . 1 . . . . 1 . . Unknown Exits Taken 6 | 1 1 . 1 . . . . . . . . . . 1 1 1 . . . Scrap Searched . | . . . . . . . . . . . . . . . . . . . . Spaces Dug 2 | . . . . . . . . . . . . . . . 2 . . . . Terrain Destroyed 2 | . . . . . . . . . . . . . . . 2 . . . . Melee . | . . . . . . . . . . . . . . . . . . . . Projectile 2 | . . . . . . . . . . . . . . . 2 . . . . AOE . | . . . . . . . . . . . . . . . . . . . . Terrain Rammed . | . . . . . . . . . . . . . . . . . . . . Walls Destroyed . | . . . . . . . . . . . . . . . . . . . . Machines Disabled . | . . . . . . . . . . . . . . . . . . . . Actions | -11 -10 -9 -8 -7 -7 -6 -6 -6 -6 -5 -5 -5 -5 -4 -4 -4 -3 -3 -2 --------- Run | Yrd Mat Mat Mat Fac DSF Fac Was Fac DSF Fac Was Fac DSF Fac Arm Lab Res DSF Res Total 3569 | 84 129 280 175 43 84 172 108 60 61 613 82 2 97 489 546 15 63 67 399 Wait 27 | . . 1 1 . . . 2 . . 5 1 . . . 10 . 7 . . Move 3296 | 74 129 261 168 43 58 156 98 60 57 582 76 2 88 471 462 14 54 61 382 Hop 13 | . . . . . . . . . . 3 . . . 1 4 . . . 5 Pick Up 47 | 4 . 9 1 . 5 4 2 . 3 5 2 . 2 4 2 . . 1 3 Fast Attach 18 | . . . . . 1 4 1 . . . . . 4 . . . . 4 4 Attach 42 | 4 . 5 3 . 4 2 5 . . 5 1 . 3 4 2 . . . 4 Detach 4 | . . . . . . . . . . . 1 . . . 1 . 1 . 1 Swap 7 | . . . . . . 3 . . 1 2 . . . . . . 1 . . Drop 9 | 1 . 3 . . . 3 . . . . 1 . . . . . . 1 . Fire 4 | 1 . . . . . . . . . . . . . . 2 1 . . . Melee 1 | . . . . . . . . . . . . . . . 1 . . . . Ram 1 | . . . . . . . . . . 1 . . . . . . . . . Kick 10 | . . . . . . . . . . 10 . . . . . . . . . Crush 3 | . . 1 2 . . . . . . . . . . . . . . . . Escape Stasis 27 | . . . . . 16 . . . . . . . . 9 2 . . . . Rewire 60 | . . . . . . . . . . . . . . . 60 . . . . Trap . | . . . . . . . . . . . . . . . . . . . . Miscellaneous . | . . . . . . . . . . . . . . . . . . . . Route ------- -11/Scrapyard -10/Materials -9/Materials (discovered 3 exits: *Mat x3) -8/Materials -7/Factory -7/DSF -6/Factory -6/Waste -6/Factory -6/DSF -5/Factory -5/Waste -5/Factory -5/DSF -4/Factory -4/Armory -4/Lab -3/Research -3/DSF -2/Research History --------- Turn | Location | Event 3 | -11/Scrapyard | Discovered new exit (range 15) 67 | -11/Scrapyard | Entered Materials 250 | -10/Materials | Discovered new exit (range 15) 274 | -10/Materials | Entered another Materials area 274 | -9/Materials | Evolved 2 slots: Propulsion x2 315 | -9/Materials | Build established: Mutant 351 | -9/Materials | Identified exit to Materials 425 | -9/Materials | Core integrity fell below 50% 455 | -9/Materials | Entered another Materials area 455 | -8/Materials | Evolved 2 slots: Propulsion x2 576 | -8/Materials | Discovered new exit (range 19) 585 | -8/Materials | Entered Factory 585 | -7/Factory | Evolved 2 slots: Propulsion x2 607 | -7/Factory | Identified exit to DSF 607 | -7/Factory | Entered DSF 610 | -7/DSF | Lost 5 parts (4n1u) 648 | -7/DSF | Additional patrols routed to DSF 654 | -7/DSF | Discovered new exit (range 19) 664 | -7/DSF | Entered Factory 664 | -6/Factory | Evolved 2 slots: Propulsion x2 759 | -6/Factory | Sucked down chute 759 | -6/Factory | Entered Waste 768 | -6/Waste | Spotted C-40 Crusher 772 | -6/Waste | Spotted C-40 Crusher 775 | -6/Waste | Crushed by Compactor (1 part destroyed, 1 dropped) 788 | -6/Waste | Spotted C-40 Crusher 789 | -6/Waste | Spotted C-40 Crusher 794 | -6/Waste | Crushed by Compactor (1 part destroyed, 1 dropped) 800 | -6/Waste | Spotted C-40 Crusher 800 | -6/Waste | Spotted C-40 Crusher 806 | -6/Waste | Crushed by Compactor (1 part destroyed, 1 dropped) 815 | -6/Waste | Discovered new exit (range 11) 820 | -6/Waste | Entered Factory 837 | -6/Factory | Lost 3 parts (2n1u) 851 | -6/Factory | Identified exit to DSF 851 | -6/Factory | Entered DSF 874 | -6/DSF | Additional patrols routed to DSF 875 | -6/DSF | Discovered new exit (range 22) 885 | -6/DSF | Entered Factory 885 | -5/Factory | Evolved 2 slots: Propulsion x2 1053 | -5/Factory | Lost 10 parts (9n1u) 1139 | -5/Factory | Core integrity fell below 50% 1158 | -5/Factory | Lost 4 parts (3n1u) 1203 | -5/Factory | Sucked down chute 1203 | -5/Factory | Entered Waste 1211 | -5/Waste | Spotted C-40 Crusher 1219 | -5/Waste | Spotted C-40 Crusher 1222 | -5/Waste | Spotted C-40 Crusher 1222 | -5/Waste | Spotted C-40 Crusher 1223 | -5/Waste | Spotted C-40 Crusher 1226 | -5/Waste | Spotted C-40 Crusher 1235 | -5/Waste | Crushed by Compactor (1 part destroyed) 1236 | -5/Waste | Core integrity fell below 20% 1239 | -5/Waste | Discovered new exit (range 16) 1247 | -5/Waste | Entered Factory 1249 | -5/Factory | Identified exit to DSF 1249 | -5/Factory | Entered DSF 1279 | -5/DSF | Additional patrols routed to DSF 1297 | -5/DSF | Discovered new exit (range 16) 1303 | -5/DSF | Entered Factory 1303 | -4/Factory | Evolved 2 slots: Propulsion x2 1341 | -4/Factory | Spotted B-86 Titan 1465 | -4/Factory | Discovered new exit (range 11) 1468 | -4/Factory | Entered Armory 1569 | -4/Armory | Spotted B-86 Titan 1592 | -4/Armory | Lost 5 allies 1657 | -4/Armory | Discovered new exit (range 5) 1660 | -4/Armory | Entered Lab 1660 | -4/Lab | Discovered new exit (range 9) 1666 | -4/Lab | Entered Research 1666 | -3/Research | Evolved 2 slots: Propulsion x2 1695 | -3/Research | Identified exit to DSF 1696 | -3/Research | Entered DSF 1719 | -3/DSF | Additional patrols routed to DSF 1727 | -3/DSF | Discovered new exit (range 16) 1735 | -3/DSF | Entered Research 1735 | -2/Research | Evolved 2 slots: Propulsion x2 1752 | -2/Research | Lost 7 parts (7n) 1788 | -2/Research | Spotted B-90 Cyclops 1836 | -2/Research | Spotted B-90 Cyclops 1848 | -2/Research | Core integrity fell below 50% 1855 | -2/Research | Core integrity fell below 20% 1886 | -2/Research | Destroyed by S-43 Plague with Heavy Machine Gun Last Messages --------------- 01848_ U-05 Engineer builds a Wall. 01848_ K-01 Serf collects debris. 01850_ Penetrated by Slug. 01850_ K-01 Serf destroyed. 01850_ Slug penetrates Antimatter Diverter. 01851_ Antimatter Diverter explodes. 01851_ Adv. Coolant Injector destroyed. 01851_ K-01 Serf destroyed. 01852_ Door malfunctions. 01852_ System Shield destroyed. 01853_ Penetrated by Slug. 01854_ Slug penetrates Wall. 01854_ U-05 Engineer lays Concrete. 01855_ U-05 Engineer builds a Wall. 01858_ Slug penetrates Wall. 01876_ Acquired Q-thruster. 01880_ Q-thruster destroyed. 01882_ Terminal disabled. 01883_ S-43 Plague suffers critical hit (Burn). 01886_ Acquired Biometal Medium Treads. Map ----- +----------------------------------------------------+ | ?????????????????????????????????????????????????? | | ?????????????????????????????????????????????????? | | ?????????????????????????????????????????????????? | | ?????????????????????????????????????????????????? | | ?????????????????????????????????????????????????? | | ?????????????????????????????????????????????????? | | ?????????????????????????????????????????????????? | | ?????????????????????????????????????????????????? | | ?????????????????????? ??????????????????????????? | | ?????????????????????? ??????????????????????????? | | ?????????????????????? #?????????????????????????? | | ?????????????????????? #?????????????????????????? | | ?????????????????????? ?????????????????????????? | | ?????????????????????? #?????????????????????????? | | ?????????????????????# #?????????????????????????? | | ?????????????????????/ #?????????????????????????? | | ?????????????????????# #?????????????????????????? | | ???????????????????### ###???????????????????????? | | ????##+############# #???????????????????????? | | ????# #######?????????????????? | | ??? ????????????????? | | ????# = #???????????????????????? | | ????# #?#######+##p #???????????????????????? | | ????# #?# ###s####??????????????????????? | | ????# #?# !! # s #??????????????????????? | | ????# #?# !! # @#??????????????????????? | | ???## ###!!! ]# #??????????????????????? | | ???# ## * # #??????????????????????? | | ???# "" ## # #??????????????????????? | | ???# T / # #??????????????????????? | | ???# ## ########??????????????????????? | | ???# ## #?????????????????????????????? | | ???###+#############?????????????????????????????? | | ???# #???????????????????????????????????? | | ???# #???????????????????????????????????? | | #### #???????????????????????????????????? | | +[ #???????????????????????????????????? | | # !! #???????????????????????????????????? | | # !! #???????????????????????????????????? | | !# !! #???????????????????????????????????? | | # #???????????????????????????????????? | | ###########???????????????????????????????????? | | ####?????????????????????????????????????????????? | | ?????????????????????????????????????????????????? | | ?????????????????????????????????????????????????? | | ?????????????????????????????????????????????????? | | ?????????????????????????????????????????????????? | | ?????????????????????????????????????????????????? | | ?????????????????????????????????????????????????? | | ?????????????????????????????????????????????????? | +----------------------------------------------------+ Best States ------------- Heat Dissipation 49 Coolant Potential 100 Energy Generation 25 Energy Capacity 350 Matter Stores 300 Matter Capacity 300 Sight Range 22 Terrain Scan Density 10 Armor Coverage 150 Evasion (%) 76 Recoil Reduction 2 Defensive Hacking 10 Item Schematics ----------------- None Robot Schematics ------------------ None Fabricated ------------ Nothing Repaired ---------- Nothing Studied --------- None Alien Tech Used ----------------- None Achievements -------------- Below Metal Spider Streaker Challenges ------------ None Game ------ Seed AccelerationProtonThrower Manual? 0 Play Time 00:40:01 Cumulative 81.4 hours Start 2026.01.15 @ 20:25:21 End 2026.01.15 @ 21:02:09 Sessions 1 Manual Loads 0 Difficulty Rogue Special Mode None Game No. 62 Rogue 62 Adventurer 0 Explorer 0 Win Type - Total 1 Types 0/0/0/1/0/0/0/0/0/0 Lore% 40 Gallery% 47 Achievement% 42 Wizard Run 0 Options --------- Layout 2 ASCII 0 Keyboard 0 Movement Mouse Keybinds 0 Fullscreen 1 Font 32/SmallcapsGlow Map View 50x44 Zoom Use 0% Tactical HUD 1 Map Filters NONE Filters NONE Steam 1 RUN: 1ecf61a6-b3fa-4757-b06f-0a27d052140e